Cogmind - Beta 15 @@@ ROGUE MODE // 2025.09.08 @ 15:53:39 Player: 1R0 Result: Destroyed by B1-KQX(R) with Subdweller Machine Gun Performance ------------- Evolutions (0) 0 Regions Visited (3) 600 Robots Destroyed (10) 50 Value Destroyed (330) 330 Prototype IDs (1) 20 Alien Tech Used (0) 0 Bonus (0) 0 TOTAL SCORE: 1000 Bonus ------- None Cogmind --------- Core Integrity 0/250 Matter 300/300 Energy 160/160 System Corruption 0% Temperature Cool (0) Movement Walking (120) Location -10/Subcaves Parts ------- > --- POWER (1) -------- Light Nuclear Core > --- PROPULSION (2) --- Aluminum Leg Carbon-fiber Leg > --- UTILITY (2) ------ Improved Heat Sink Small Storage Unit > --- WEAPON (2) ------- Spread Laser Beamcaster > --- INVENTORY (8) ---- Light Ion Engine Light Ion Engine Light Ion Engine Subdweller Power Source EM Pulse Gun Spread Laser Makeshift Sword Peak State ------------ > --- POWER ------------ Light Nuclear Core > --- PROPULSION ------- Aluminum Leg Carbon-fiber Leg > --- UTILITY ---------- Improved Heat Sink Small Storage Unit > --- WEAPON ----------- Spread Laser Beamcaster > --- INVENTORY -------- Light Ion Engine Light Ion Engine Subdweller Power Source EM Pulse Gun Spread Laser Makeshift Sword [Rating: 19] Favorites ----------- Power Light Ion Engine Engine Light Ion Engine Power Core Light Nuclear Core Propulsion Improved Flight Unit Treads Light Treads Leg Aluminum Leg Flight Unit Improved Flight Unit Utility Small Storage Unit Device Improved Heat Sink Storage Small Storage Unit Weapon Assault Rifle Energy Gun Spread Laser Ballistic Gun Assault Rifle Slashing Weapon Makeshift Sword Build | -11 -10 -10 -10 ------- Run | Yrd Mat Min Sub Slots Evolved . | . . . . Power . | . . . . Propulsion . | . . . . Utility . | . . . . Weapon . | . . . . Parts Attached 20 | 5 4 3 8 Power 3 | 1 . . 2 Engine 2 | 1 . . 1 Core 1 | . . . 1 Reactor . | . . . . Propulsion 8 | 2 2 1 3 Treads 2 | 2 . . . Leg 2 | . . . 2 Wheel . | . . . . Hover . | . . . . Flight 4 | . 2 1 1 Utility 2 | . 1 1 . Device 1 | . . 1 . Storage 1 | . 1 . . Processor . | . . . . Hackware . | . . . . Protection . | . . . . Artifact . | . . . . Weapon 7 | 2 1 1 3 Energy Gun 3 | 1 . . 2 Energy Cannon . | . . . . Ballistic Gun 3 | 1 1 1 . Ballistic Cannon . | . . . . Launcher . | . . . . Special Weapon . | . . . . Impact Weapon . | . . . . Slashing Weapon 1 | . . . 1 Piercing Weapon . | . . . . Special Melee Weapon . | . . . . Unidentified Prototypes 1 | . 1 . . Parts Lost 6 | . . . 6 Power 1 | . . . 1 Propulsion 3 | . . . 3 Utility . | . . . . Weapon 2 | . . . 2 Highest Loss Streak 4 | . . . 4 To Critical Strikes . | . . . . Average Backups 6 | 2 4 7 6 Power 1 | . 1 2 2 Propulsion 1 | . . 1 . Utility . | . . . . Weapon 3 | 1 2 3 3 Tool/Special . | . . . . Unused Backups 7 | . 1 2 4 Power 4 | . . 1 3 Propulsion 1 | . 1 . . Utility . | . . . . Weapon 2 | . . 1 1 Tool/Special . | . . . . Average Slot Usage (%) 90 | . 79 94 86 Engine 12 | . 14 14 8 Treads 1 | . 8 . . Leg 1 | . . . 6 Flight 23 | . 19 28 12 Device 9 | . . 8 14 Storage 13 | . 8 14 14 Energy Gun 2 | . 5 . 8 Ballistic Gun 23 | . 22 28 12 Slashing Weapon 1 | . . . 5 Peak Build Rating 19 | 5 11 14 19 Average Rating 12 | 3 9 12 13 On Entrance 7 | . 5 11 14 Naked Turns . | . . . . Heaviest Build 19 | 7 11 12 19 Greatest Support 40 | 40 40 10 25 Greatest Overweight (x) 5 | . 1 2 5 Average Overweight (x) . | . . 1 . Largest Inventory Capacity 8 | 5 8 8 8 Average Capacity 7 | 5 6 8 8 Most Carried 8 | 5 7 8 8 Average Carried 6 | 2 5 7 6 Final Capacity 8 | 5 8 8 8 Final Carried 7 | 3 7 7 7 Class Distribution -------------------- 91% | Mutant 8% | Scavenger-Mutant Dominant Class ---------------- Mutant | -10/Materials Mutant | -10/Mines Mutant | -10/Subcaves Resources | -11 -10 -10 -10 ----------- Run | Yrd Mat Min Sub Matter Collected 476 | 182 33 158 103 Remotely . | . . . . Salvage Created 341 | . 64 112 165 Parts 22 | . 3 9 10 Haulers Intercepted . | . . . . Recyclers Shooed . | . . . . Parts Field Recycled . | . . . . Retrieved Matter . | . . . . Parts Self-Destructed 2 | . . . 2 Prevented . | . . . . Kills | -11 -10 -10 -10 ------- Run | Yrd Mat Min Sub Combat Hostiles Destroyed 10 | . 2 4 4 Melee 1 | . . . 1 Guns 9 | . 2 4 3 Classes Destroyed 3 | . 1 1 1 Swarmer 2 | . . 2 . Grunt 6 | . 2 2 2 Subdweller 2 | . . . 2 Best Kill Streak 2 | . 2 2 2 Combat Bots Only 2 | . 2 2 2 Max Kills in Single Turn 1 | . 1 1 1 Gunslinging . | . . . . Exploded . | . . . . Melee 1 | . . . 1 Uniques/NPCs Destroyed . | . . . . Combat | -11 -10 -10 -10 -------- Run | Yrd Mat Min Sub Hostile Shots Fired 79 | . 12 13 54 Missed 23 | . 5 6 12 Hits 56 | . 7 7 42 Projectile 56 | . 7 7 42 Damage Taken 828 | . 76 82 670 Core 262 | . 42 8 212 Absorbed by Shields . | . . . . Core Remaining (%) 100 | 100 . . . Volleys Fired 47 | . 7 9 31 Largest 2 | . 2 2 2 Hottest 65 | . 40 40 65 Shots Fired 71 | . 14 18 39 Gun 71 | . 14 18 39 Cannon . | . . . . Launcher . | . . . . Special . | . . . . Kinetic 65 | . 14 18 33 Thermal 6 | . . . 6 Explosive . | . . . . Electromagnetic . | . . . . Robot Hit Streak 10 | . 5 9 10 Robot Miss Streak 5 | . 2 4 5 Penetration Max . | . . . . Secondary Targets 1 | . 1 . . Max Gunslinging Chain 1 | . 1 . . Shots Hit Robots 54 | . 9 11 34 Core Hits 30 | . 4 10 16 Critical Kills . | . . . . Critical Parts Destroyed . | . . . . Critical Strikes . | . . . . Melee Attacks 3 | . . . 3 Impact . | . . . . Slashing 3 | . . . 3 Piercing . | . . . . Sneak Attacks . | . . . . Combat Hostiles . | . . . . Follow-up Attacks . | . . . . Damage Inflicted 658 | . 88 145 425 Guns 531 | . 88 126 317 Cannons . | . . . . Explosions . | . . . . Melee 108 | . . . 108 Ramming 19 | . . 19 . Kinetic 450 | . 88 126 236 Thermal 81 | . . . 81 Explosive . | . . . . Electromagnetic . | . . . . Impact . | . . . . Slashing 108 | . . . 108 Piercing . | . . . . Highest Corruption . | . . . . Average Corruption . | . . . . Corruption Purged . | . . . . Corruption Blocked . | . . . . Overload Shots . | . . . . Overflow Damage . | . . . . Projectiles . | . . . . Explosions . | . . . . Melee . | . . . . Knockbacks 1 | . . 1 . Impact 1 | . . 1 . Kinetic . | . . . . Secondary . | . . . . Self-Inflicted Damage 9 | . . 9 . Shots . | . . . . Rammed 5 | . . 5 . Targets Rammed 5 | . . 5 . Kicked . | . . . . Crushed . | . . . . Highest Temperature 20 | . 20 13 . Average Temperature 6 | . 7 5 . Received Heat Transfer 315 | . 42 21 252 Siege Activations . | . . . . Martial Activations . | . . . . Shielding Activations . | . . . . Robots Disrupted . | . . . . Combat Hostiles . | . . . . Robots Corrupted . | . . . . Combat Hostiles . | . . . . Parts Fried . | . . . . Impact Corruptions . | . . . . Robots Melted . | . . . . Combat Hostiles . | . . . . Parts Melted . | . . . . Heat Transferred 100 | . . . 100 Parts Sabotaged . | . . . . Parts Stolen . | . . . . Parts Stripped . | . . . . Power Chain Reactions . | . . . . Alert | -11 -10 -10 -10 ------- Run | Yrd Mat Min Sub Maximum Alert Level . | . . . . Low Security (%) 100 | 100 100 100 . Level 1 . | . . . . Level 2 . | . . . . Level 3 . | . . . . Level 4 . | . . . . Level 5 . | . . . . High Security . | . . . . Max Security . | . . . . Peak Influence 51 | . 40 51 . Initial 11 | . . 11 . Average 7 | . 9 8 . Influence Increases 190 | . 50 90 50 Destroy 0b10 Robot/C 160 | . 40 80 40 Destroy Leader 30 | . 10 10 10 Influence Decreases 190 | . 20 120 50 Entered New Map 19 | . . 19 . Time Decay 161 | . 20 101 40 Lost Part 10 | . . . 10 Squads Dispatched 3 | . 2 1 . Investigation . | . . . . Extermination . | . . . . Reinforcement 2 | . 2 . . Assault 1 | . . 1 . Garrison . | . . . . Intercept . | . . . . Searches Triggered . | . . . . Construction Impeded . | . . . . Haulers Reinforced . | . . . . Active Scanning Responses . | . . . . Cargo Convoy Interrupts . | . . . . Stealth | -11 -10 -10 -10 --------- Run | Yrd Mat Min Sub Distress Signals 1 | . 1 . . Communications Jammed . | . . . . Distress Signals . | . . . . Times Spotted 15 | . 4 5 6 Peak Tracking Total 4 | . 4 3 2 Tactical Retreats . | . . . . Traps | -11 -10 -10 -10 ------- Run | Yrd Mat Min Sub Traps Triggered . | . . . . Indirectly . | . . . . Trap Hack Attempts . | . . . . Triggered . | . . . . Disarmed . | . . . . Reprogrammed . | . . . . Reused . | . . . . Traps Extracted . | . . . . Installed . | . . . . Triggered . | . . . . Machines | -11 -10 -10 -10 ---------- Run | Yrd Mat Min Sub Machines Disabled . | . . . . Max in Single Turn . | . . . . Machines Repaired . | . . . . Machines Dismantled . | . . . . Machines Sabotaged . | . . . . Overloaded Fab Kills . | . . . . Hacking | -11 -10 -10 -10 --------- Run | Yrd Mat Min Sub Machines Accessed . | . . . . Terminals . | . . . . Fabricators . | . . . . Repair Stations . | . . . . Recycling Units . | . . . . Scanalyzers . | . . . . Garrison Access . | . . . . Total Hacks . | . . . . Successful . | . . . . Failed . | . . . . Catastrophic . | . . . . Database Lockouts . | . . . . Manual . | . . . . Terminals . | . . . . Fabricators . | . . . . Repair Stations . | . . . . Recycling Units . | . . . . Scanalyzers . | . . . . Garrison Access . | . . . . Terminal Hacks . | . . . . Fabricator Hacks . | . . . . Repair Station Hacks . | . . . . Recycling Unit Hacks . | . . . . Scanalyzer . | . . . . Garrison Access Hacks . | . . . . Unauthorized Hacks . | . . . . Terminals . | . . . . Fabricators . | . . . . Repair Stations . | . . . . Recycling Units . | . . . . Scanalyzers . | . . . . Garrison Access . | . . . . Data Cores Recovered . | . . . . Used . | . . . . Hacking Detections . | . . . . Full Trace Events . | . . . . Feedback Events . | . . . . Feedback Blocked . | . . . . Robot Schematics Acquired . | . . . . Robots Built . | . . . . Authchips . | . . . . Time . | . . . . Total Robot Build Rating . | . . . . Part Schematics Acquired . | . . . . Parts Built . | . . . . Authchips . | . . . . Time . | . . . . Total Part Build Rating . | . . . . Parts Repaired . | . . . . Time . | . . . . Parts Recycled . | . . . . Recycled Matter . | . . . . Retrieved Matter . | . . . . Retrieved Components . | . . . . Parts Scanalyzed . | . . . . Part Schematics Acquired . | . . . . Parts Damaged . | . . . . Bothacking | -11 -10 -10 -10 ------------ Run | Yrd Mat Min Sub Used RIF Installer . | . . . . Robots Hacked . | . . . . Non-combat . | . . . . Combat . | . . . . Robot Hacks Applied . | . . . . Relay Couplers Released . | . . . . Fabnet Peak Effective % . | . . . . Robots Rewired . | . . . . Allies Hacked . | . . . . Hacks Repelled . | . . . . Allies | -11 -10 -10 -10 -------- Run | Yrd Mat Min Sub Total Allies 1 | . . 1 . Largest Group 1 | . . 1 1 Highest-Rated Group 31 | . . 31 31 Highest-Rated Ally 31 | . . 31 31 Total Orders . | . . . . Ally Attacks 6 | . . . 6 Total Damage 83 | . . . 83 Kills . | . . . . Allies Corrupted . | . . . . Allies Melted . | . . . . Intel | -11 -10 -10 -10 ------- Run | Yrd Mat Min Sub Active Infowar (turns) . | . . . . Robot Analysis Total . | . . . . Derelict Logs Recovered 2 | . . 1 1 Drone Launches . | . . . . Drone Recoveries . | . . . . Exploration | -11 -10 -10 -10 ------------- Run | Yrd Mat Min Sub Turns Passed 943 | 61 100 570 212 Spaces Moved 657 | 41 54 463 99 Core 23 | 15 . . 8 Treads 40 | 26 14 . . Legs 40 | . . . 40 Wheels . | . . . . Hover . | . . . . Flight 554 | . 40 463 51 Fastest Speed 50 | 50 107 107 107 Average Speed 117 | 119 121 114 127 Slowest Speed 300 | 160 160 180 300 Overloaded Moves . | . . . . Propulsion Burnouts . | . . . . Robots Hopped . | . . . . Potential Cave-ins . | . . . . Cave-ins Triggered . | . . . . Exploration Rate (%) 28 | 4 13 87 11 Regions Visited 3 Branch Regions 2 Pre-discovered Areas 1 | . . 1 . Known Exits Taken . | . . . . Unknown Exits Taken 3 | 1 1 1 . Scrap Searched 2 | . . 2 . Spaces Dug . | . . . . Terrain Destroyed . | . . . . Melee . | . . . . Projectile . | . . . . AOE . | . . . . Terrain Rammed . | . . . . Walls Destroyed . | . . . . Machines Disabled . | . . . . Actions | -11 -10 -10 -10 --------- Run | Yrd Mat Min Sub Total 762 | 53 75 487 147 Wait . | . . . . Move 654 | 40 53 462 99 Hop . | . . . . Pick Up 26 | 8 8 4 6 Fast Attach 1 | . . 1 . Attach 12 | 5 1 . 6 Detach . | . . . . Swap 7 | . 3 2 2 Drop 7 | . 3 4 . Fire 47 | . 7 9 31 Melee 3 | . . . 3 Ram 5 | . . 5 . Kick . | . . . . Crush . | . . . . Escape Stasis . | . . . . Rewire . | . . . . Trap . | . . . . Miscellaneous . | . . . . Route ------- -11/Scrapyard -10/Materials -10/Mines -10/Subcaves History --------- Turn | Location | Event 9 | -11/Scrapyard | Discovered new exit (range 15) 62 | -11/Scrapyard | Entered Materials 125 | -10/Materials | Discovered new exit (range 16) 162 | -10/Materials | Entered Mines 225 | -10/Mines | Found a hidden stash of uninstalled traps 318 | -10/Mines | Build established: Mutant 427 | -10/Mines | A weapon hastily lodged in a ceiling crevice suddenly fell to the ground 581 | -10/Mines | Met a Derelict testing a Signal Generator 726 | -10/Mines | Discovered new exit (range 6) 732 | -10/Mines | Entered Subcaves 732 | -10/Subcaves | Accompanied by 1 ally 733 | -10/Subcaves | Approached by a straggling Scientist 836 | -10/Subcaves | Core integrity fell below 50% 857 | -10/Subcaves | Core integrity fell below 20% 891 | -10/Subcaves | Lost 4 parts (1p2n1w) 941 | -10/Subcaves | Learned Materials trap positions 944 | -10/Subcaves | Destroyed by B1-KQX(R) with Subdweller Machine Gun Last Messages --------------- G-34 Mercenary destroyed. Lgt. Ion Engine destroyed. Acquired Aluminum Leg. Heat Sink fries itself beyond repair. Aluminum Leg fries itself beyond repair. G-47 Trooper destroyed. Acquired 10 matter. Acquired Lgt. Nuclear Core. Subatomizers dissect the Carbon-fiber Leg. Acquired Carbon-fiber Leg. Acquired 30 matter. Acquired Beamcaster. Subatomizers dissect the Lgt. Angular Momentum Engine. Acquired 10 matter. Acquired Lgt. Ion Engine. Subatomizers dissect the Lgt. Angular Momentum Engine. Acquired derelict log, extracted data. Data stored: Materials trap records. Map ----- +----------------------------------------------------+ | ?????????????????????????????????????????????????? | | ?????????????????????????????????????????????????? | | ?????????????????????????????????????????????????? | | ?????????????????????????????????????????????????? | | ?????????????????????????????????????????????????? | | ?????????????????????????????????????????????????? | | ?????????????????????????????????????????????????? | | ?????????????????????????????????????????????????? | | ?????????????????????????????????????????????????? | | ?????????????????????????????????????????????????? | | ?????????????????????????????????????????????????? | | ?????????????????????????????????????????????????? | | ?????????????????????????????????????????????????? | | ?????????????????????????????????????????????????? | | ?????????????????????#?? ?????? ?????????????????? | | ????????????????????## ????? ????????????????? | | ??????????????????### "??? "????????????????? | | ?????????????????## """#??"""#????????????????? | | ?????????????????? " R##?" #????????????????? | | ?????????????????? """"#? #????????????????? | | ???????????????????? R #? ###??????????????? | | ????????????????????? #? ""#??????????????? | | ?????????????????????? #?# #??????????????? | | ???????????????????????# ### #???????????????? | | ???????????????????????# # #???????????????? | | ???????????????????????##@ # #???????????????? | | ???????????????????????# ######??????????? | | ???????????????????????# ## #??????????? | | ???????????????????????####### ##??????????? | | ????????????????????????????## ##???????????? | | ???????????????????????????## ##???????????? | | ?????????????????????????### #???????????? | | ?????????????????????????# #???????????? | | ?????????????????????????## #???????????? | | ????????????????? ????????## ##??????????? | | ???????????????? ??????## ##?????????? | | ????????????????? ???## ########??? | | ????????????????????# ## # ?? | | ??????????????????????# ??? | | ??????????????????????## ## ?? ? | | ???????????????????????### ### #### # ## ? | | ?????????????????????????###??# ### ? | | ???????????????????????######?## ? | | ???????????????????????# #??# #?????? | | ???????????????????????# ##?## # ##?????? | | ???????????????????????# #### #######???? | | ???????????????????????# ## ###??## ##??? | | ???????????????????????# ## ##### ##?? | | ???????????????????????# # #= ### | | ???????????????????????## ## % | +----------------------------------------------------+ Best States ------------- Heat Dissipation 39 Energy Generation 14 Energy Capacity 160 Matter Stores 300 Matter Capacity 300 Sight Range 16 Terrain Scan Density 10 Evasion (%) 50 Recoil Reduction 2 Item Schematics ----------------- None Robot Schematics ------------------ None Fabricated ------------ Nothing Repaired ---------- Nothing Alien Tech Used ----------------- None Achievements -------------- None Challenges ------------ None Game ------ Seed DrainedGuidanceBoregun Manual? 0 Play Time 00:10:55 Cumulative 2.9 hours Start 2025.09.08 @ 15:44:57 End 2025.09.08 @ 15:53:39 Sessions 1 Manual Loads 0 Difficulty Rogue Special Mode None Game No. 12 Rogue 9 Adventurer 3 Explorer 0 Win Type - Total 0 Types 0/0/0/0/0/0/0/0/0/0 Lore% 4 Gallery% 8 Achievement% 7 Wizard Run 0 Options --------- Layout 1 ASCII 0 Keyboard 0 Movement Mouse Keybinds 0 Fullscreen 2 Font 32/SmallcapsGlow Map View 50x35 Zoom Use 0% Tactical HUD 0 Map Filters NONE Filters NONE Steam 1 RUN: 227f36cf-f66a-46ed-9c1a-b0ab18960647